 Dungeon Crawl Stone Soup version 0.24-a0-378-g94936e539c (webtiles) character file.

Game seed: 17873166050521187577

94 goulibeur the Covered (level 4, -5/40 HPs)
             Began as a Minotaur Fighter on June 1, 2019.
             Killed from afar by an orc wizard (7 damage)
             ... with a magic dart
             ... on level 3 of the Dungeon.
             The game lasted 00:03:54 (1786 turns).

goulibeur the Covered (Minotaur Fighter)            Turns: 1786, Time: 00:03:55

Health: -5/40      AC:  7    Str: 21    XL:     4   Next: 38%
Magic:  3/3        EV:  8    Int:  5    God:
Gold:   94         SH:  0    Dex: 10    Spells: 3/3 levels left

rFire    . . .     SeeInvis .   a - +0 flail
rCold    . . .     Gourm    .   c - +0 shield
rNeg     . . .     Faith    .   b - +0 scale mail
rPois    .         Spirit   .   (helmet restricted)
rElec    .         Reflect  .   (no cloak)
rCorr    .         Harm     .   (no gloves)
MR       .....                  (no boots)
Stlth    ..........             (no amulet)
HPRegen  0.13/turn              (no ring)
MPRegen  0.08/turn              (no ring)

@: confused
A: retaliatory headbutt, horns 2
a: no special abilities


You were on level 3 of the Dungeon.
You were not hungry.

You visited 1 branch of the dungeon, and saw 3 of its levels.

You collected 94 gold pieces.

Inventory:

Hand Weapons
 a - a +0 flail (weapon)
Armour
 b - a +0 scale mail (worn)
 c - a +0 shield (worn)
Jewellery
 h - an uncursed ring of ice {unknown}
 q - an uncursed ring of magical power {unknown}
 s - a cursed ring of teleportation {unknown}
Scrolls
 e - 2 scrolls of fog {unknown}
 g - 4 scrolls of teleportation {unknown}
 i - a scroll of magic mapping {unknown}
 k - a scroll of remove curse {unknown}
 l - 4 scrolls of identify {unknown}
 o - a scroll of amnesia {unknown}
Potions
 d - a potion of might
 j - 2 potions of heal wounds {unknown}
 m - a potion of curing {unknown}
 n - a potion of agility {unknown}
 r - a potion of flight {unknown}
Comestibles
 f - 9 rations


   Skills:
 + Level 4.1 Fighting
 + Level 3.2 Maces & Flails
 + Level 1.3 Throwing
 + Level 4.2 Armour
 + Level 1.5 Dodging
 + Level 4.1 Shields


You had 3 spell levels left.
You didn't know any spells.
Your spell library was empty.

Dungeon Overview and Level Annotations

Branches:
Dungeon (3/15)

Altars:


Innate Abilities, Weirdness & Mutations

You reflexively headbutt those who attack you in melee.
You have a pair of horns on your head.


Message History

You are confused.
Your shield and scale mail prevent you from hitting the orc wizard.
The orc wizard is severely wounded.
The orc wizard hits you but does no damage.
You closely miss the orc wizard. Your headbutt misses the orc wizard.
The orc wizard is severely wounded.
The orc wizard hits you but does no damage.
You miss the orc wizard.
The orc wizard is severely wounded.
The orc wizard hits you with a cursed -3 dagger.
* * * LOW HITPOINT WARNING * * *
The orc wizard casts a spell at you. The magic dart hits you.
* * * LOW HITPOINT WARNING * * *
You bump into the rock wall.
The orc wizard barely misses you.
You hit the orc wizard but do no damage.
The orc wizard is severely wounded.
The orc wizard gestures at you while chanting.
The magic dart hits you!
You die...

#.........#
#.........#
##........#
##........#..
#.............
#..............
#.oo...........
###o######....[
#@# .....
..####†######.....
#............ ..
#.......?....
#............
#...........
#...........
#...........
#...........


You could see an orc wizard and 2 orcs.

Vanquished Creatures
  An orc priest (D:3)
  3 adders
  A worm (D:2)
  6 dart slugs
  An orc (D:3)
  A ball python (D:1)
  4 bats
  2 hobgoblins
  2 kobolds
  2 goblins (D:2)
  5 rats (D:2)
28 creatures vanquished.

Notes
Turn   | Place    | Note
-------+----------+-------------------------------------------
     0 | D:1      | goulibeur the Minotaur Fighter began the quest for the Orb.
     0 | D:1      | Reached XP level 1. HP: 19/19 MP: 0/0
   197 | D:1      | Reached XP level 2. HP: 27/27 MP: 1/1
  1027 | D:2      | Reached skill level 1 in Dodging
  1027 | D:2      | Reached XP level 3. HP: 31/33 MP: 2/2
  1318 | D:2      | Reached skill level 1 in Throwing
  1775 | D:3      | Reached XP level 4. HP: 8/40 MP: 3/3
  1784 | D:3      | HP: 1/40 [orc wizard/magic dart (6)]
  1786 | D:3      | Killed from afar by an orc wizard

Levels and vault maps discovered:
D:1:      minmay_arrival_jagged, layout_basic
D:2:      layout_basic, palyth_stone_intersect
D:3:      layout_basic, first_ration, evilmike_ruin_ashenzari

Skill      XL: |  1  2  3 |
---------------+----------+-----
Armour         | 4 |  4.2
Dodging        | 1 |  1.5
Fighting       | 4 |  4.1
Maces & Flails | 3 |  3.2
Throwing       | 1 |  1.3
Shields        | 4 |  4.1

Action                   |  1- 3 |  4- 6 || total
-------------------------+-------+-------++-------
Melee: Flail             |    74 |    10 ||    84
       Headbutt          |    15 |       ||    15
  Eat: Chunk             |     3 |       ||     3
Armor: Scale mail        |    22 |       ||    22
Dodge: Dodged            |    23 |     3 ||    26
Block: Shield            |    39 |     3 ||    42

Table legend:
 A = Non-vault XP
 B = Vault XP
 C = Vault XP percentage of total XP
 D = Non-vault monster count
 E = Vault monster count
 F = Vault count percentage of total count
                 A         B        C        D         E       F
            +---------+---------+-------+---------+---------+-------
      Total |     135 |       0 |   0.0 |      28 |       0 |   0.0
            +---------+---------+-------+---------+---------+-------
        D:1 |      16 |       0 |   0.0 |       6 |       0 |   0.0
        D:2 |      58 |       0 |   0.0 |      18 |       0 |   0.0
        D:3 |      61 |       0 |   0.0 |       4 |       0 |   0.0
            +---------+---------+-------+---------+---------+-------
